Map: Abyssal Reef LE

Players

crapo

  • Race: Zerg Zerg
  • League: Diamond
  • Spawn Location: 11:00

TWBolek - Winner!

  • Race: Terran Terran
  • League: Diamond
  • Spawn Location: 5:00

VOD

Have the link to the VOD?

Description

Time

  • Played on: Jan. 5, 2018, 8:21 a.m.
  • Length: 11:51
Show
View Real Time Build Order
Export as new Build Order

crapo Zerg 

Build Orders: Hatch First 

Get SALT Encoding   

  12  0:01  Drone  
  13  0:08  Drone  
  14  0:17  Overlord  
  14  0:28  Drone, Extractor  
  14  0:35  Drone x2  
  17  0:54  Hatchery  
  16  0:58  Extractor  
  15  1:11  Spawning Pool  
  14  1:13  Drone  
  16  1:18  Drone  
  16  1:28  Drone  
  17  1:59  Metabolic Boost  
  17  2:00  Queen  
  19  2:02  Overlord  
  19  2:05  Queen  
  19  2:07  Zergling x2  
  22  2:08  Zergling x2  
  22  2:12  Zergling x2  
  24  2:43  Drone  
  24  2:44  Drone  
  26  2:46  Drone x4  
  30  3:00  Queen  
  30  3:02  Lair  
  30  3:03  Extractor  
  30  3:05  Drone x2  
  33  3:09  Drone  
  31  3:22  Zergling x8  
  35  3:33  Overlord  
  35  3:51  Queen  
  37  4:02  Queen  
  34  4:18  Drone x3  
  34  4:20  Drone x2  
  34  4:21  Drone  
  40  4:25  Drone  
  40  4:26  Drone  
  40  4:27  Drone  
  43  4:49  Queen  
  43  4:57  Roach Warren  
  43  4:58  Overlord  
  43  4:59  Overlord x3  
  42  5:00  Queen, Extractor  
  42  5:04  Extractor  
  42  5:11  Drone  
  43  5:20  Hatchery  
  43  5:32  Overlord  
  43  5:38  Roach  
  43  5:39  Roach x2  
  49  5:49  Overlord x3  
  49  5:58  Hydralisk Den  
  48  6:05  Drone  
  48  6:08  Drone  
  48  6:09  Drone x5  
  48  6:10  Drone  
  56  6:14  Roach  
  58  6:27  Roach x3  
  62  6:39  Roach x3  
  58  6:42  Roach  
  58  6:43  Roach  
  60  6:47  Roach  
  60  6:51  Roach  
  60  6:52  Roach  
  64  7:02  Roach x3  
  64  7:05  Drone x2  
  72  7:13  Drone x2  
  72  7:14  Drone  
  75  7:18  Queen  
  77  7:26  Hydralisk x2  
  77  7:29  Drone  
  82  7:31  Hydralisk  
  82  7:35  Overlord  
  84  7:39  Overlord  
  84  7:45  Overlord  
  84  8:02  Hatchery  
  83  8:06  Queen, Hydralisk x2  
  83  8:07  Hydralisk x2  
  93  8:13  Muscular Augments  
  93  8:21  Hydralisk x2  
  93  8:22  Hydralisk  
  99  8:44  Queen  
  99  8:45  Evolution Chamber  
  99  8:46  Overlord x4  
  99  8:47  Extractor  
  99  9:11  Drone  
  99  9:12  Zerg Missile Weapons Level 1  
  99  9:15  Drone  
  101  9:20  Queen  
  101  9:21  Infestation Pit  
  102  9:28  Drone x3  
  102  9:29  Drone x5  
  102  9:30  Drone  
  112  9:31  Drone x3  
  114  9:44  Drone x2  
  114  9:45  Overlord x4  
  116  9:50  Drone x2  
  116  9:51  Drone  
  119  10:03  Extractor  
  119  10:05  Extractor  
  105  10:19  Hydralisk x4  
  105  10:20  Hydralisk  
  115  10:27  Hydralisk  
  113  10:44  Hydralisk  
  113  10:45  Hydralisk x3  
  113  10:47  Drone  
  122  10:55  Evolution Chamber, Hatchery, Hydralisk x3  
  122  10:56  Infestation Pit  
  125  10:58  Hydralisk x3  
  131  11:06  Hydralisk x3  
  131  11:10  Drone  
  131  11:11  Drone  
  139  11:14  Drone  
  140  11:24  Drone  
  141  11:27  Drone x2  
Show
View Real Time Build Order
Export as new Build Order

TWBolek Terran - Winner!

Build Orders: Hellion Opening, Mech 

Get SALT Encoding   

  12  0:02  SCV  
  13  0:14  SCV  
  13  0:18  Supply Depot  
  14  0:26  SCV  
  15  0:33  Refinery  
  15  0:40  SCV  
  16  0:47  Barracks  
  16  0:52  SCV  
  17  1:06  SCV  
  18  1:18  SCV  
  19  1:34  Orbital Command  
  19  1:36  Marine, Factory  
  20  1:56  Barracks Reactor  
  20  2:06  Command Center  
  20  2:12  SCV  
  21  2:20  Supply Depot  
  21  2:22  Refinery  
  21  2:35  Factory  
  21  2:42  SCV  
  21  2:46  Hellion  
  21  2:47  Hellion  
  25  2:55  SCV  
  25  2:57  Barracks Reactor  
  26  3:07  SCV  
  27  3:17  Hellion x2  
  31  3:22  Orbital Command  
  31  3:23  SCV  
  32  3:35  SCV  
  33  3:43  Hellion x2  
  33  3:44  Barracks Tech Lab  
  33  3:47  SCV x2  
  39  3:56  Cyclone  
  39  3:58  Cyclone  
  39  4:02  SCV  
  35  4:24  Hellion x2  
  35  4:29  Orbital Command  
  39  4:31  Hellion  
  39  4:32  Hellion  
  43  4:38  Armory  
  43  4:41  SCV  
  44  4:53  SCV  
  45  5:02  Cyclone x3  
  54  5:16  Supply Depot  
  54  5:17  Supply Depot  
  54  5:21  Supply Depot  
  54  5:29  Terran Vehicle Weapons Level 1  
  54  5:38  SCV x2  
  56  5:50  SCV x2  
  58  5:58  Command Center  
  58  6:02  SCV x2  
  58  6:03  Engineering Bay  
  60  6:15  SCV  
  60  6:16  SCV  
  62  6:27  SCV  
  62  6:28  SCV  
  64  6:36  Hellion x2  
  64  6:37  Siege Tank  
  64  6:39  SCV  
  68  6:40  SCV  
  69  6:48  Refinery  
  69  6:49  Refinery, Factory  
  69  6:51  SCV, Factory  
  69  6:52  SCV  
  69  6:53  Supply Depot  
  71  7:16  Rapid Fire Launchers  
  71  7:17  Thor  
  71  7:19  Orbital Command  
  77  7:22  Hellion x4  
  77  7:26  Terran Vehicle Weapons Level 2  
  77  7:27  SCV  
  77  7:28  SCV  
  79  7:38  Factory Tech Lab  
  79  7:40  SCV x2  
  81  7:45  Factory  
  81  7:52  SCV x2  
  81  7:55  SCV  
  84  7:58  Missile Turret  
  84  8:01  Missile Turret, Hellion x2  
  84  8:02  Missile Turret, Orbital Command  
  84  8:04  SCV  
  89  8:09  Supply Depot  
  89  8:13  Supply Depot  
  89  8:17  Hellion x2  
  93  8:26  Smart Servos  
  93  8:33  Factory Tech Lab  
  93  8:38  SCV x2  
  93  8:39  Refinery  
  95  8:41  Refinery  
  95  8:42  Supply Depot  
  95  8:43  Supply Depot, Hellion x3  
  101  8:51  Siege Tank x2  
  107  9:04  SCV x3  
  110  9:15  Supply Depot  
  110  9:16  SCV x2  
  112  9:17  Supply Depot  
  112  9:28  Siege Tank  
  112  9:29  Siege Tank x2, Hellion x3  
  112  9:30  Hellion  
  129  9:31  Sensor Tower  
  129  9:32  SCV x3  
  132  9:42  Armory  
  132  9:47  SCV  
  132  9:48  SCV x2  
  135  9:58  Hellion x4  
  144  10:00  SCV x3  
  146  10:12  SCV  
  143  10:17  Hellion  
  143  10:19  Siege Tank x2  
  149  10:50  Supply Depot x2  
  149  10:51  Sensor Tower  
  149  10:54  Command Center  
  149  11:00  Hellion x3  
  155  11:07  Command Center  
  155  11:10  Command Center  
Tags
 
Add a new tag
Caveats
  • Supply blocks, unpowered buildings, or Contaminate may cause inaccurate times.
  • Supply counts are checked every 10 seconds.